 Dungeon Crawl Stone Soup version 0.28-a0-172-g787e458d71 (webtiles) character file.

Game seed: 7261379821677994408

166 rabbitsville the Skirmisher (level 5, -2/61 (72) HPs)
             Began as a Hill Orc Fighter on Aug 16, 2021.
             Slain by a wight (5 damage)
             ... on level 4 of the Dungeon.
             The game lasted 00:12:16 (3182 turns).

rabbitsville the Skirmisher (Hill Orc Fighter)      Turns: 3182, Time: 00:12:16

HP:   -2/61 (72)    AC: 22    Str: 20    XL:     5   Next: 47%
MP:   5/5           EV:  2    Int:  8    God:
Gold: 151           SH:  9    Dex: 16    Spells: 4/4 levels left

rFire   . . .      SeeInvis .   t - +2 dagger (venom)
rCold   . . .      Faith    .   c - +0 kite shield
rNeg    + + +      Spirit   .   (armour currently unavailable)
rPois   +          Reflect  .   (helmet currently unavailable)
rElec   .          Harm     .   (cloak currently unavailable)
rCorr   .          Rampage  .   (gloves currently unavailable)
Will    .....      NoTele   +   (boots currently unavailable)
Stlth   +.........              (no amulet)
HPRegen 0.20/turn               g - +6 ring of dexterity
MPRegen 0.09/turn               (no ring)

@: tree-form, heavily drained
A: stationary, stasis, torment immunity, boosted hp
a: no special abilities


You were on level 4 of the Dungeon.
You were a tree.
You visited 1 branch of the dungeon, and saw 4 of its levels.

You collected 151 gold pieces.

Inventory:

Hand Weapons
 a - a +0 trident
 t - a +2 dagger of venom (weapon)
Missiles
 h - 3 curare-tipped darts (quivered)
Armour
 b - a +0 scale mail
 c - a +0 kite shield (worn)
 i - a +0 chain mail (melded)
Jewellery
 g - a +6 ring of dexterity (left branch)
 n - a ring of poison resistance
Scrolls
 e - a scroll of enchant armour {unknown}
 j - a scroll of holy word {unknown}
 k - a scroll of noise {unknown}
 o - a scroll of enchant weapon {unknown}
 p - a scroll of identify {unknown}
 q - a scroll of magic mapping {unknown}
 r - a scroll of amnesia {unknown}
Potions
 d - a potion of might
 f - a potion of berserk rage {unknown}
 s - a potion of haste {unknown}


   Skills:
 + Level 5.0 Fighting
 * Level 1.0 Short Blades
 - Level 4.8 Polearms
 - Level 3.2 Armour
 - Level 3.2 Shields


You had 4 spell levels left.
You didn't know any spells.
Your spell library contained the following spells:

 Spells                   Type           Power      Damage    Failure   Level
 Shock                    Conj/Air       0%         1d3       89%         1
 Sublimation of Blood     Necr           0%         N/A       96%         2
 Wereblood                Tmut           0%         N/A       96%         2
 Swiftness                Air            0%         N/A       99%         3
 Airstrike                Air            0%         N/A       100%        4
 Summon Hydra             Summ           0%         N/A       100%        7


Dungeon Overview and Level Annotations

Branches:
Dungeon (4/15)
 Temple: D:4-7

Altars:
Xom

Annotations:
D:4 Eustachio


Message History

There is a stone staircase leading up here.
You hit the wight but do no damage.
The wight hits you with a +0 great sword.
* * * LOW HITPOINT WARNING * * *
You feel drained.
You hit the wight but do no damage.
The wight hits you with a +0 great sword!
* * * LOW HITPOINT WARNING * * *
You feel drained.
* * * LOW HITPOINT WARNING * * *
You hit the wight.
The wight is lightly damaged.
You block the wight's attack.
You hit the wight but do no damage.
The wight is lightly damaged.
The wight hits you but does no damage.
You feel better. The wight hits you but does no damage.
You hit the wight.
The wight is lightly damaged.
You block the wight's attack. x2
You hit the wight.
The wight is heavily damaged.
The wight hits you with a +0 great sword!
* * * LOW HITPOINT WARNING * * *
You feel drained.
* * * LOW HITPOINT WARNING * * *
It was a potion of lignification.
You turn into a tree.
Your +0 chain mail melds into your body.
Your roots penetrate the ground.
The wight completely misses you.
You barely miss the wight.
The wight is heavily damaged.
You block the wight's attack.
You closely miss the wight.
The wight is heavily damaged.
The wight hits you with a +0 great sword.
* * * LOW HITPOINT WARNING * * *
You hit the wight but do no damage.
The wight is heavily damaged.
The wight hits you with a +0 great sword.
You die...

##.###..#.#
.!....†...#
.######.###
#..# #.##
#S# #.#
##.######
#....Sz♣#
#.#######
#. #. #. #.
#. #.


You could see a wight and a ball python.

Vanquished Creatures
  A hound (D:4)
  Terence (D:2)
  An orc wizard (D:3)
  2 adders
  2 dart slugs
  3 orcs (D:3)
  4 ball pythons
  3 endoplasms
  4 giant cockroaches
  5 goblins
  9 hobgoblins
  2 jackals (D:1)
  2 kobolds (D:1)
  4 quokkas
  4 bats
  8 frilled lizards
  5 rats
60 creatures vanquished.

Notes
Turn   | Place    | Note
-------+----------+-------------------------------------------
     0 | D:1      | rabbitsville the Hill Orc Fighter began the quest for the
                  | Orb.
     0 | D:1      | Reached XP level 1. HP: 19/19 MP: 1/1
   300 | D:1      | Reached XP level 2. HP: 21/27 MP: 2/2
   476 | D:1      | Reached skill level 4 in Fighting
   666 | D:1      | Reached XP level 3. HP: 33/33 MP: 3/3
  1117 | D:2      | Noticed Terence
  1139 | D:2      | Killed Terence
  1246 | D:2      | Reached XP level 4. HP: 40/41 MP: 4/4
  1494 | D:2      | Found a shimmering altar of Xom.
  2218 | D:3      | Reached XP level 5. HP: 42/47 MP: 5/5
  2926 | D:4      | Noticed Eustachio
  3158 | D:4      | Reached skill level 5 in Fighting
  3158 | D:4      | Reached skill level 1 in Short Blades
  3178 | D:4      | HP: 2/41 [wight (1)]
  3182 | D:4      | Slain by a wight

Illustrated notes

Levels and vault maps discovered:
D:1:      dpeg_arrival_oval, layout_rooms, minmay_split_cup_large
D:2:      layout_basic, basic_altar, minmay_misc_feat_diagonals,
          grunt_ministairs_11, minmay_hedge_maze, uniq_terence
D:3:      layout_rooms, ebering_dispersal_statue_hall, roderic_lattice_a
D:4:      layout_basic, nicolae_ru_great_annihilating_truth,
          grunt_dithmenos_smoke_and_mirrors, minmay_temple_entry_trees,
          minmay_manual_mandibuliform, uniq_eustachio

Skill      XL: |  1  2  3  4  5 |
---------------+----------------+-----
Polearms       | 3 4 |  4.8
Fighting       | 4 5 |  5.0
Short Blades   | 1 |  1.0
Armour         | |  3.2
Shields        | |  3.2

Action                   |  1- 3 |  4- 6 || total
-------------------------+-------+-------++-------
Melee: Trident           |   111 |    87 ||   198
       Dagger            |       |    20 ||    20
  Use: Potion            |       |     2 ||     2
Armor: Scale mail        |    29 |       ||    29
       Chain mail        |    17 |    39 ||    56
Dodge: Dodged            |    22 |    19 ||    41
Block: Kite shield       |    43 |    45 ||    88

Table legend: (Time is in decaauts)
 A = Elapsed time spent in this place.
 B = Non-inter-level travel time spent in this place.
 C = Inter-level travel time spent in this place.
 D = Time resting spent in this place.
 E = Time spent auto-exploring this place.
 F = Levels seen in this place.
 G = Mean time per level.
                   A        B        C        D        E       F      G
               +--------+--------+--------+--------+--------+-----+--------+
         Total |   3258 |   3096 |    162 |    364 |   1657 |   4 |  814.5 |
       Dungeon |   3258 |   3096 |    162 |    364 |   1657 |   4 |  814.5 |
               +--------+--------+--------+--------+--------+-----+--------+

Top non-repeatable levels by time:
     D:2: 1115 daAuts
     D:1: 1010 daAuts
     D:3: 911 daAuts
     D:4: 221 daAuts
